 Dungeon Crawl Stone Soup version 0.25.0-10-g039870ee82 (console) character file.

Game seed: 7345915348354839905

46 bli the Ruffian (level 3, 0/36 HPs)
             Began as an Ogre Transmuter on June 23, 2020.
             Succumbed to an adder's poison
             ... on level 1 of the Dungeon.
             The game lasted 00:04:26 (1169 turns).

bli the Ruffian (Ogre Transmuter)                   Turns: 1169, Time: 00:04:27

Health: 0/36       AC:  3    Str: 14    XL:     3   Next: 68%
Magic:  7/7        EV: 10    Int: 14    God:
Gold:   31         SH:  0    Dex: 10    Spells: 4/7 levels left

rFire    . . .     SeeInvis .     - Unarmed
rCold    . . .     Gourm    .   (no shield)
rNeg     . . .     Faith    .   b - +0 robe
rPois    .         Spirit   .   (helmet restricted)
rElec    .         Reflect  .   (no cloak)
rCorr    .         Harm     .   (gloves unavailable)
MR       .....                  (boots unavailable)
Stlth    +.........             (no amulet)
HPRegen  0.12/turn              (no ring)
MPRegen  0.10/turn              (no ring)

@: lethally poisoned (0 -> -5), berserk cooldown
A: large, unfitting armour, tough skin 1
a: no special abilities


You were on level 1 of the Dungeon.
You were not hungry.

You visited 1 branch of the dungeon, and saw 2 of its levels.

You collected 31 gold pieces.

Inventory:

Missiles
 a - 35 arrows
Armour
 b - a +0 robe (worn)
Scrolls
 d - a scroll of immolation {unknown}
 e - a scroll of teleportation {unknown}
 f - a scroll of fog {unknown}
 i - 2 scrolls of identify {unknown}
 j - 3 scrolls of enchant armour {unknown}
Potions
 c - a potion of berserk rage
Comestibles
 h - a ration


   Skills:
 * Level 2.4 Fighting
 + Level 1.9 Dodging
 * Level 3.5 Unarmed Combat
 + Level 2.7 Spellcasting
 + Level 1.9 Transmutations


You had 4 spell levels left.
You knew the following spells:

 Your Spells              Type           Power        Failure   Level  Hunger
a - Beastly Appendage     Tmut           #.....       10%         1    #......
b - Sticks to Snakes      Tmut           #.......     14%         2    ###....

Your spell library contained the following spells:

 Spells                   Type           Power        Failure   Level  Hunger
 Spider Form              Tmut/Pois      #.........   41%         3    ###....
 Ice Form                 Ice/Tmut       #.......     82%         4    #####..
 Blade Hands              Tmut           #.........   95%         5    ######.


Dungeon Overview and Level Annotations

Branches:
Dungeon (2/15)

Altars:


Innate Abilities, Weirdness & Mutations

You are too large for most types of armour.
You have tough skin. (AC +1)


Message History

You pass out from exhaustion.
You feel yourself slow down.
* * * LOW HITPOINT WARNING * * *
You feel sick.
You can move again.
* * * LOW HITPOINT WARNING * * *
You feel sick.
Things that are here:
2 chunks of flesh; an adder skeleton It was a potion of cancellation.
Your magical effects are unravelling.
You feel magically purged.
You feel yourself speed up.
* * * LOW HITPOINT WARNING * * *
You feel sick.
Unknown command.
* * * LOW HITPOINT WARNING * * *
You feel sick.
There is a stone staircase leading down here.
You die...

#≈§§§≈≈§≈≈≈..)..........##.
#≈≈≈≈§≈≈≈≈≈.........)..####
#≈≈≈§≈≈§§§..##.(.......## #
#§≈§§§≈§§...#<..........##
#≈.≈§§≈§........##.......##
#≈≈..§..........##.....#...
#≈..........######.....#...
#####..###..## #.......##
#........# #####..##
####...#.##### #..## #
###@#.....####..####
#>.............##.
#######.#####).... #.#
#....[ #########
#.#####.....
#.......####....##.....
#.....(.....###.##.....
#...........# #.##.....
#...........# #.##.....
#........#.####.##.....
#........#....#.##.....


There were no monsters in sight!

Vanquished Creatures
  An adder (D:1)
  An ooze (D:1)
  2 leopard geckos (D:1)
  A bat (D:1)
  A giant cockroach (D:2)
  9 goblins
  5 hobgoblins (D:1)
  3 jackals (D:1)
  2 kobolds (D:1)
  4 rats (D:1)
29 creatures vanquished.

Notes
Turn   | Place    | Note
-------+----------+-------------------------------------------
     0 | D:1      | bli the Ogre Transmuter began the quest for the Orb.
     0 | D:1      | Reached XP level 1. HP: 19/19 MP: 3/3
   278 | D:1      | Reached skill level 3 in Unarmed Combat
   278 | D:1      | Reached XP level 2. HP: 15/27 MP: 2/5
   738 | D:1      | Learned a level 2 spell: Sticks to Snakes
   742 | D:1      | Reached XP level 3. HP: 35/35 MP: 7/7
  1168 | D:1      | HP: 1/36 [poisoned by an adder]
  1169 | D:1      | Succumbed to an adder's poison

Illustrated notes

Levels and vault maps discovered:
D:1:      dpeg_arrival_lava_altar, layout_basic, palyth_stone_intersect
D:2:      layout_basic, serial_bayou_pond_a

Skill      XL: |  1  2 |
---------------+-------+-----
Unarmed Combat | 3 |  3.5
Fighting       | 2 |  2.4
Dodging        | |  1.9
Spellcasting   | |  2.7
Transmutations | |  1.9

Action                   || total
-------------------------++-------
Melee: Unarmed           ||   105
       Kick              ||    10
       Headbutt          ||     1
       Punch             ||     1
 Cast: Beastly Appendage ||    13
  Use: Potion            ||     2
 Stab: Sleeping          ||     2
  Eat: Ration            ||     1
Armor: Robe              ||    26
Dodge: Dodged            ||    40
